[Event "Late Titled Tuesday Blitz February 8 2022"]
[White "Rorrer, Grayson"]
[Black "Pourkashiyan, Atousa"]
[WhiteFideId "30944996"]
[BlackFideId "12502014"]
[WhiteElo "2122"]
[BlackElo "2247"]
[Result "0-1"]
[Round "04"]
[TimeControl "180+1"]
[Date "2022.02.09"]
[WhiteClock "0:00:23"]
[BlackClock "0:00:26"]

1. e4 e5 2. Nc3 Nf6 3. d4 exd4 4. Qxd4 Nc6 5. Qd3 Bb4 6. Bd2 O-O 7. O-O-O Re8 8. Nge2 d6 9. Bg5 h6 10. Bxf6 Qxf6 11. Nd5 Qd8 12. Nxb4 Nxb4 13. Qd2 Nc6 14. Nc3 Be6 15. Kb1 a6 16. f3 b5 17. g4 b4 18. Nd5 a5 19. h4 a4 20. Bb5 Bd7 21. Bxc6 Bxc6 22. Qxb4 Bxd5 23. Rxd5 a3 24. g5 h5 25. b3 Qe7 26. Rg1 c6 27. Rf5 g6 28. Ra5 Rxa5 29. Qxa5 d5 30. exd5 cxd5 31. Rd1 d4 32. Qa4 d3 33. Qc4 Qe5 34. c3 Qe2 0-1


[Site "https://www.chess.com"]

[Event "Late Titled Tuesday Blitz February 8 2022"]
[White "Ruiz Aguilar, Pablo Alexander"]
[Black "Einarsson, Halldor Gretar"]
[WhiteFideId "4401352"]
[BlackFideId "2300150"]
[WhiteElo "2125"]
[BlackElo "2114"]
[Result "1-0"]
[Round "04"]
[TimeControl "180+1"]
[Date "2022.02.09"]
[WhiteClock "0:01:47"]
[BlackClock "0:00:05"]

1. e4 e5 2. Nf3 Nc6 3. Bb5 Nf6 4. d3 Bc5 5. O-O d6 6. c3 O-O 7. h3 h6 8. Bxc6 bxc6 9. d4 exd4 10. cxd4 Bb6 11. Nc3 Re8 12. Re1 Be6 13. Bf4 Qd7 14. Kh2 Rab8 15. Qd2 Kh7 16. Rad1 a6 17. b4 Nh5 18. Be3 f5 19. exf5 Bxf5 20. g4 Bxg4 21. hxg4 Qxg4 22. Ng1 Rf8 23. Qe2 Qh4+ 24. Nh3 1-0


[Site "https://www.chess.com"]

[Event "Late Titled Tuesday Blitz February 8 2022"]
[White "Rustemov, Alexander"]
[Black "Suder, Jakub"]
[WhiteFideId "4119002"]
[BlackFideId "1195310"]
[WhiteElo "2811"]
[BlackElo "2058"]
[Result "1-0"]
[Round "04"]
[TimeControl "180+1"]
[Date "2022.02.09"]
[WhiteClock "0:00:44"]
[BlackClock "0:00:07"]

1. d4 d5 2. c4 e6 3. Nc3 a6 4. cxd5 exd5 5. Nf3 Nf6 6. Bg5 Be6 7. e3 Nbd7 8. Bd3 Bd6 9. Qc2 c6 10. Bf4 Qb8 11. Bxd6 Qxd6 12. h3 O-O 13. O-O g6 14. Rab1 Nh5 15. b4 Ng7 16. Na4 Bf5 17. Nc5 Rab8 18. Rfc1 Bxd3 19. Qxd3 Nb6 20. Nd2 Nf5 21. a4 Qe7 22. b5 axb5 23. axb5 Nd6 24. bxc6 bxc6 25. Qc3 Nbc4 26. Nd3 Rfc8 27. Nf3 Rxb1 28. Rxb1 Nb5 29. Qb4 Qe4 30. Nc5 Qc2 31. Qb3 Qxb3 32. Nxb3 Ra8 33. Ra1 Rxa1+ 34. Nxa1 Kf8 35. Nb3 Ke7 36. Kf1 Nc3 37. g4 h5 38. gxh5 gxh5 39. Nc5 f5 40. Nd3 Ne4 41. Kg2 Nf6 42. Nfe5 Nxe5 43. Nxe5 Kd6 44. Nd3 Ke6 45. Kf3 Kd6 46. Kf4 Ne4 47. f3 Nf2 48. Nxf2 1-0


[Site "https://www.chess.com"]

[Event "Late Titled Tuesday Blitz February 8 2022"]
[White "Sadhwani, Raunak"]
[Black "Moroni, Luca Jr"]
[WhiteFideId "35093487"]
[BlackFideId "865834"]
[WhiteElo "2616"]
[BlackElo "2573"]
[Result "1/2-1/2"]
[Round "04"]
[TimeControl "180+1"]
[Date "2022.02.08"]
[WhiteClock "0:00:21"]
[BlackClock "0:00:07"]

1. d4 d6 2. e4 e5 3. Nf3 exd4 4. Nxd4 Nf6 5. Nc3 Be7 6. g3 O-O 7. Bg2 Re8 8. O-O Bf8 9. h3 c6 10. a4 a5 11. Be3 Na6 12. Qd2 Nc5 13. Bg5 h6 14. Bxf6 Qxf6 15. Rae1 Ne6 16. Nb3 Ng5 17. f4 Ne6 18. Kh2 Nc5 19. Nxc5 dxc5 20. e5 Qd8 21. Qc1 Bf5 22. Ne4 Qd4 23. b3 Rad8 24. c3 Qd7 25. g4 Bxe4 26. Rxe4 Qd2 27. Qxd2 Rxd2 28. c4 Rb2 29. Re3 Rd8 30. Kg3 Rdd2 31. Bf3 Be7 32. Rfe1 g5 33. f5 f6 34. R1e2 fxe5 35. Rxd2 Rxd2 36. Be4 Kf7 37. Re1 Bd6 38. Re3 Kf6 39. Kf3 Rd4 40. Re2 Rd1 41. Ke3 Rd4 42. Rh2 b5 43. axb5 cxb5 44. cxb5 Rb4 45. Rd2 Rxb3+ 46. Kf2 Be7 47. Bd3 a4 48. Bc4 Rb4 49. Rc2 a3 50. Ke3 e4 51. Ba2 Bd6 52. Bc4 Bf4+ 53. Kxe4 a2 54. Rxa2 Rxc4+ 55. Kd5 Rc1 56. Ra6+ Kf7 57. Rxh6 c4 58. Rc6 c3 59. Ke4 c2 60. Kd3 Rb1 61. Rxc2 Rxb5 62. Rc3 Rb2 63. Ke4 Rb4+ 64. Kd5 Rb5+ 65. Ke4 Rb4+ 66. Kd5 Rb5+ 67. Ke4 Rb4+ 1/2-1/2


[Site "https://www.chess.com"]

[Event "Late Titled Tuesday Blitz February 8 2022"]
[White "Sailer, Mike"]
[Black "Andrews, Todd"]
[WhiteFideId "2012901"]
[BlackFideId "2012456"]
[WhiteElo "2109"]
[BlackElo "2430"]
[Result "0-1"]
[Round "04"]
[TimeControl "180+1"]
[Date "2022.02.09"]
[WhiteClock "0:00:03"]
[BlackClock "0:00:40"]

1. d4 Nf6 2. Nf3 c5 3. c3 e6 4. g3 b6 5. Bg2 Bb7 6. O-O Be7 7. Bf4 O-O 8. Nbd2 cxd4 9. cxd4 d6 10. Rc1 Nd5 11. e4 Nxf4 12. gxf4 Nd7 13. Qe2 Rc8 14. Rc3 Rxc3 15. bxc3 d5 16. e5 Qc8 17. Rc1 Ba6 18. Qe3 Bc4 19. f5 exf5 20. e6 Nf6 21. exf7+ Rxf7 22. Ne5 Ng4 23. Qe1 Bg5 24. Nxf7 Kxf7 25. Nxc4 Qxc4 26. Rc2 Qc7 27. Bxd5+ Kf8 28. f3 Ne3 29. Bb3 Nxc2 30. Bxc2 Bf4 31. Qe6 Bxh2+ 32. Kh1 Qg3 33. Qxf5+ Ke7 34. Qe4+ Kd6 35. Qe3 Qh3 36. Bd3 Bf4+ 0-1


[Site "https://www.chess.com"]

[Event "Late Titled Tuesday Blitz February 8 2022"]
[White "Sarkar, Justin"]
[Black "Pinheiro, Iung Alicio de O."]
[WhiteFideId "2010011"]
[BlackFideId "2104350"]
[WhiteElo "2038"]
[BlackElo "2587"]
[Result "0-1"]
[Round "04"]
[TimeControl "180+1"]
[Date "2022.02.09"]
[WhiteClock "0:00:01"]
[BlackClock "0:00:20"]

1. d4 Nf6 2. c4 g6 3. Nc3 d5 4. Nf3 Bg7 5. Qb3 dxc4 6. Qxc4 O-O 7. e4 Nc6 8. Be2 e5 9. d5 Nd4 10. Nxd4 exd4 11. Qxd4 Re8 12. Qc4 Qe7 13. f3 Nh5 14. O-O Qh4 15. f4 c6 16. dxc6 bxc6 17. e5 Be6 18. Qxc6 Bf8 19. Be3 Rab8 20. Bxh5 Qxh5 21. Ne4 Be7 22. b3 Rec8 23. Qa6 Rc2 24. Rf2 Rbc8 25. Nf6+ Bxf6 26. exf6 Bd5 27. Qd6 Rxf2 28. Bxf2 Qf5 29. Re1 h5 30. Bg3 Rc2 31. Qe5 Rxg2+ 32. Kf1 Qd3+ 33. Re2 Qd1+ 34. Re1 Qf3+ 35. Bf2 Qxf2# 0-1


[Site "https://www.chess.com"]

[Event "Late Titled Tuesday Blitz February 8 2022"]
[White "Seliverstov, Vladimir"]
[Black "Svane, Rasmus"]
[WhiteFideId "4192036"]
[BlackFideId "4657101"]
[WhiteElo "2489"]
[BlackElo "2645"]
[Result "0-1"]
[Round "04"]
[TimeControl "180+1"]
[Date "2022.02.08"]
[WhiteClock "0:00:08"]
[BlackClock "0:00:06"]

1. d4 Nf6 2. Bf4 d5 3. e3 e6 4. Nf3 Bd6 5. Ne5 O-O 6. Nd2 c5 7. c3 Qc7 8. Bd3 b6 9. Qf3 Nc6 10. Qg3 Ne7 11. O-O Bb7 12. Ng6 Bxf4 13. Qxf4 Rfc8 14. Ne5 Ng6 15. Bxg6 hxg6 16. f3 b5 17. Nb3 c4 18. Nc5 a5 19. b3 b4 20. cxb4 axb4 21. bxc4 dxc4 22. Nxc4 Qxf4 23. exf4 Ba6 24. Nb6 Bxf1 25. Kxf1 Nd5 26. Nxc8 Rxc8 27. g3 Ra8 28. Ke1 Ra3 29. Nb3 Nc3 30. Nc1 Nb5 31. Nb3 Nc3 32. Nc1 Kf8 33. Kd2 Ke7 34. Kc2 Kd6 35. Kb2 Na4+ 36. Kc2 Rxf3 37. Nd3 Kd5 38. Rb1 Ke4 39. Nc5+ Nxc5 40. dxc5 Rc3+ 41. Kd2 Rxc5 42. Rxb4+ Kf3 43. Rb2 Ra5 44. Kc3 f6 45. Kb4 Ra8 46. a4 e5 47. fxe5 fxe5 48. Rb3+ Kf2 49. Rb2+ Ke3 50. Ra2 e4 51. Kc4 Kf3 52. Kd4 e3 53. Ra3 Rd8+ 54. Ke5 Kf2 55. Ke6 e2 56. Ra2 Ra8 57. Kf7 g5 58. Kxg7 g4 59. Kg6 Kf1 0-1


[Site "https://www.chess.com"]

[Event "Late Titled Tuesday Blitz February 8 2022"]
[White "Shahade, Gregory"]
[Black "Mogranzini, Roberto"]
[WhiteFideId "2009064"]
[BlackFideId "810894"]
[WhiteElo "2676"]
[BlackElo "2469"]
[Result "0-1"]
[Round "04"]
[TimeControl "180+1"]
[Date "2022.02.09"]
[WhiteClock "0:00:21"]
[BlackClock "0:00:25"]

1. e4 d6 2. d4 Nf6 3. Nc3 e5 4. Nge2 Be7 5. g3 c6 6. Bg2 O-O 7. O-O b5 8. a3 a5 9. Re1 Nbd7 10. h3 Bb7 11. b3 Re8 12. Bb2 Bf8 13. Qd2 Qb6 14. Rad1 Qc7 15. g4 Nb6 16. Ng3 a4 17. f4 axb3 18. cxb3 Nfd7 19. Rc1 Qd8 20. Qf2 exd4 21. Qxd4 Nc5 22. Qd1 d5 23. exd5 Rxe1+ 24. Qxe1 Nd3 25. Qf1 Nxc1 26. dxc6 Bxc6 27. Bxc6 Rc8 28. Qxb5 Nd3 29. Ba1 Qd4+ 30. Kh1 Nxf4 31. Nf1 Qf2 32. Nd1 Qe1 33. Bf3 Nc4 0-1


[Site "https://www.chess.com"]

[Event "Late Titled Tuesday Blitz February 8 2022"]
[White "Silva, Kaua Marques"]
[Black "Araujo Filho, Luiz Antonio Coel"]
[WhiteFideId "22701168"]
[BlackFideId "2130661"]
[WhiteElo "2013"]
[BlackElo "2248"]
[Result "0-1"]
[Round "04"]
[TimeControl "180+1"]
[Date "2022.02.09"]
[WhiteClock "0:00:07"]
[BlackClock "0:01:36"]

1. d4 f5 2. Nc3 d5 3. Bg5 c6 4. e3 Qb6 5. Na4 Qa5+ 6. c3 Nd7 7. Bd3 e6 8. b4 Qc7 9. Bf4 Bd6 10. Bxd6 Qxd6 11. Nf3 Ngf6 12. Nc5 O-O 13. h3 b6 14. Nxd7 Nxd7 15. O-O e5 16. dxe5 Nxe5 17. Nxe5 Qxe5 18. Qb3 Kh8 19. Rac1 Be6 20. Be2 f4 21. c4 f3 22. Bxf3 Rxf3 23. gxf3 Bxh3 24. Kh1 Qh5 25. Kh2 Bxf1+ 26. Kg3 Qg5+ 27. Kh2 Qg2# 0-1


[Site "https://www.chess.com"]

[Event "Late Titled Tuesday Blitz February 8 2022"]
[White "Smirnov, Pavel"]
[Black "Postnikov, Daniil"]
[WhiteFideId "4123425"]
[BlackFideId "4166329"]
[WhiteElo "2571"]
[BlackElo "2261"]
[Result "0-1"]
[Round "04"]
[TimeControl "180+1"]
[Date "2022.02.08"]
[WhiteClock "0:00:07"]
[BlackClock "0:00:04"]

1. d4 Nf6 2. c4 c5 3. d5 b5 4. cxb5 a6 5. e3 g6 6. Nc3 Bg7 7. Nf3 O-O 8. a4 e6 9. e4 exd5 10. exd5 Re8+ 11. Be2 axb5 12. Nxb5 Ne4 13. O-O d6 14. Bd3 Bf5 15. Bf4 Ra6 16. Re1 Bxb2 17. Ra2 Bg7 18. g4 Bxg4 19. Bxe4 Qf6 20. Bg3 Rxe4 21. Rxe4 Bxf3 22. Re8+ Bf8 23. Qe1 Nd7 24. Ra3 Rb6 25. Rae3 Bxd5 26. h4 Ne5 27. Bxe5 dxe5 28. Rg3 Qxh4 29. f3 Qxa4 30. Nc3 Qxe8 31. Nxd5 Rd6 32. Qe4 Qe6 33. Ne3 Rd4 34. Qa8 e4 35. f4 Rd3 36. Kf2 Kg7 37. f5 Qf6 38. Qxe4 Rd4 39. Qf3 Bd6 40. Rh3 Rf4 41. Qxf4 Bxf4 0-1


[Site "https://www.chess.com"]

[Event "Late Titled Tuesday Blitz February 8 2022"]
[White "Solon, Nathan"]
[Black "Gledura, Benjamin"]
[WhiteFideId "2017229"]
[BlackFideId "712779"]
[WhiteElo "2547"]
[BlackElo "2747"]
[Result "1-0"]
[Round "04"]
[TimeControl "180+1"]
[Date "2022.02.09"]
[WhiteClock "0:01:01"]
[BlackClock "0:00:17"]

1. d4 Nf6 2. Bg5 d5 3. e3 Ne4 4. Bf4 c5 5. Bd3 cxd4 6. exd4 Nd7 7. Nf3 Ndf6 8. O-O e6 9. Ne5 a6 10. f3 Nd6 11. Nd2 Be7 12. c3 Nh5 13. Be3 g6 14. f4 f6 15. Nxg6 hxg6 16. Bxg6+ Kd7 17. Bxh5 Kc7 18. Bf3 Bd7 19. c4 dxc4 20. Rc1 b5 21. b3 Rc8 22. bxc4 Kb8 23. cxb5 Bxb5 24. Qb3 Qa5 25. Rxc8+ Rxc8 26. Rb1 Bd8 27. Qxe6 Bc7 28. Qd5 Ka7 29. Qc5+ Qb6 30. d5 Nf5 31. Qxb6+ Bxb6 32. Bxb6+ Kxb6 33. a4 1-0


[Site "https://www.chess.com"]

[Event "Late Titled Tuesday Blitz February 8 2022"]
[White "Song, Guannan Terry"]
[Black "Bernadskiy, Vitaliy"]
[WhiteFideId "2614189"]
[BlackFideId "14100371"]
[WhiteElo "2115"]
[BlackElo "2473"]
[Result "1-0"]
[Round "04"]
[TimeControl "180+1"]
[Date "2022.02.09"]
[WhiteClock "0:00:36"]
[BlackClock "0:00:13"]

1. e4 e6 2. d4 d5 3. Nc3 Bb4 4. exd5 exd5 5. Bd3 c6 6. a3 Bxc3+ 7. bxc3 Ne7 8. Qh5 h6 9. Nf3 Nd7 10. Ne5 Nxe5 11. dxe5 Be6 12. O-O Qd7 13. Rb1 O-O-O 14. Be3 g5 15. Qe2 Kb8 16. Bc5 Nc8 17. a4 Bf5 18. a5 Bxd3 19. cxd3 Rhe8 20. Rb3 f6 21. Rfb1 Rxe5 22. Rxb7+ Qxb7 23. Rxb7+ Kxb7 24. Qb2+ Ka6 25. g3 Ne7 26. d4 Re4 27. Qc2 Kb7 28. Qb1+ Ka8 29. Qd3 Kb7 30. Kg2 g4 31. h3 h5 32. c4 f5 33. a6+ Ka8 34. Qa3 Rd7 35. Qb4 dxc4 36. Bd6 1-0


[Site "https://www.chess.com"]

[Event "Late Titled Tuesday Blitz February 8 2022"]
[White "Stearman, Josiah"]
[Black "Calcada, Lucas Galvan"]
[WhiteFideId "2062496"]
[BlackFideId "22746099"]
[WhiteElo "2402"]
[BlackElo "1402"]
[Result "1-0"]
[Round "04"]
[TimeControl "180+1"]
[Date "2022.02.09"]
[WhiteClock "0:01:56"]
[BlackClock "0:00:17"]

1. e4 c5 2. Nc3 Nc6 3. g3 g6 4. Bg2 Bg7 5. d3 e6 6. Be3 d6 7. Qd2 Nge7 8. Bh6 Bxh6 9. Qxh6 Nd4 10. O-O-O Ng8 11. Qe3 Bd7 12. f4 Bc6 13. Nf3 Nxf3 14. Bxf3 Qc7 15. d4 b6 16. d5 Bd7 17. e5 O-O-O 18. Ne4 dxe5 19. d6 Qb8 20. Nxc5 Bb5 21. Bb7+ Qxb7 22. Nxb7 Kxb7 23. Qxe5 Nh6 24. Qxb5 1-0


[Site "https://www.chess.com"]

[Event "Late Titled Tuesday Blitz February 8 2022"]
[White "Sviridov, Valery"]
[Black "Shoker, Samy"]
[WhiteFideId "4120680"]
[BlackFideId "627143"]
[WhiteElo "2454"]
[BlackElo "2493"]
[Result "1-0"]
[Round "04"]
[TimeControl "180+1"]
[Date "2022.02.08"]
[WhiteClock "0:00:51"]
[BlackClock "0:00:13"]

1. Nf3 d6 2. d4 Nf6 3. c4 g6 4. g3 Bg7 5. Bg2 O-O 6. O-O c6 7. Nc3 Qa5 8. h3 Qa6 9. Qd3 d5 10. Ne5 Bf5 11. Qd1 dxc4 12. e4 Bc8 13. Qe2 b5 14. a4 Nfd7 15. Nf3 Nb6 16. Bg5 b4 17. Na2 c3 18. Qc2 cxb2 19. Qxb2 Nxa4 20. Qxb4 c5 21. Qa3 Nc6 22. d5 Bxa1 23. Rxa1 Nb4 24. Nxb4 cxb4 25. Qxa4 Qxa4 26. Rxa4 a5 27. Bxe7 Bd7 28. Ra1 Rfe8 29. Bc5 Rxe4 30. Nd2 Re2 31. Ne4 Bf5 32. Nf6+ Kg7 33. d6 Rd8 34. Bd4 b3 35. g4 Bd3 36. Bf1 b2 37. Rd1 Rd2 38. Ne4+ Kg8 39. Nxd2 Bxf1 40. Kxf1 Rxd6 41. Bxb2 a4 42. Ke2 1-0


[Site "https://www.chess.com"]

[Event "Late Titled Tuesday Blitz February 8 2022"]
[White "Tang, Andrew"]
[Black "Martin Duque, Jesus"]
[WhiteFideId "2059630"]
[BlackFideId "2208954"]
[WhiteElo "2584"]
[BlackElo "2243"]
[Result "1/2-1/2"]
[Round "04"]
[TimeControl "180+1"]
[Date "2022.02.08"]
[WhiteClock "0:00:07"]
[BlackClock "0:00:23"]

1. d4 Nf6 2. c4 b6 3. f3 Ba6 4. e4 e6 5. Nc3 Bb4 6. Bg5 h6 7. Bh4 c5 8. a3 Ba5 9. dxc5 bxc5 10. e5 g5 11. Bf2 Bxc3+ 12. bxc3 Nh5 13. Bxc5 Qa5 14. Qd4 Nc6 15. Qe3 Rc8 16. Bd6 Nf4 17. g3 Ng6 18. c5 Bxf1 19. Kxf1 Qb5+ 20. Kf2 Na5 21. Ne2 Nc4 22. Qd4 Nxd6 23. exd6 Qxc5 24. Rhb1 O-O 25. Qxc5 Rxc5 26. Rb7 Ne5 27. f4 gxf4 28. gxf4 Ng4+ 29. Kf3 Nf6 30. Rxa7 Rd5 31. Rg1+ Kh7 32. Ra6 Rd3+ 33. Kf2 Rb8 34. Re1 Rb2 35. Ra7 Rxc3 36. Kf1 Rf3+ 37. Kg1 Re3 38. Kf1 Rf3+ 39. Kg1 Ra2 40. a4 Rfa3 41. Ng3 Rxa4 42. Rxa4 Rxa4 43. f5 Rd4 44. fxe6 fxe6 45. Rf1 Kg6 46. Ne2 Rxd6 47. Nf4+ Kg5 48. Nh3+ Kg6 49. Nf4+ Kg7 50. Ne2 Rd2 51. Kf2 d5 52. Ke3 Ra2 53. Nf4 e5 54. Ne6+ Kf7 55. Nc7 d4+ 56. Kd3 Ra3+ 57. Kd2 Ke7 58. Re1 Nd7 59. Nb5 Ra2+ 60. Kd3 Rxh2 61. Nxd4 h5 62. Nf3 Rh3 63. Ke2 Kd6 64. Rd1+ Kc6 65. Rc1+ Kd6 66. Rd1+ Ke7 67. Ng5 Rh2+ 68. Kf3 Ra2 69. Ne4 Ra3+ 70. Kf2 Nf6 71. Nc5 Ng4+ 72. Ke2 e4 73. Rd7+ Kf6 74. Rh7 Kg5 75. Nxe4+ Kg6 76. Re7 Re3+ 77. Kd2 Kf5 78. Nd6+ Kf6 79. Rxe3 Nxe3 80. Kxe3 h4 81. Ne4+ Ke6 82. Nf2 h3 83. Kf3 h2 84. Kg2 h1=Q+ 85. Nxh1 1/2-1/2


[Site "https://www.chess.com"]

[Event "Late Titled Tuesday Blitz February 8 2022"]
[White "Tari, Aryan"]
[Black "Michelakos, Panagiotis"]
[WhiteFideId "1510045"]
[BlackFideId "4216067"]
[WhiteElo "2567"]
[BlackElo "2140"]
[Result "0-1"]
[Round "04"]
[TimeControl "180+1"]
[Date "2022.02.08"]
[WhiteClock "0:00:19"]
[BlackClock "0:00:13"]

1. c4 c5 2. Nf3 Nc6 3. d4 cxd4 4. Nxd4 e6 5. g3 Nf6 6. Bg2 Bc5 7. Nb3 Bb4+ 8. Nc3 O-O 9. O-O Bxc3 10. bxc3 b6 11. Ba3 Re8 12. Bd6 Ba6 13. c5 e5 14. Qc2 Bc4 15. Rad1 Qc8 16. Rfe1 Qa6 17. Rd2 Rac8 18. e4 Red8 19. Qd1 Ne8 20. Bh3 Nxd6 21. Rxd6 Qxa2 22. Nc1 Qa3 23. Bxd7 Qxc5 24. Rd2 Rc7 25. Bxc6 Rxd2 26. Qxd2 Rxc6 27. Qd8+ Qf8 28. Rd1 Rc8 29. Qd7 a5 30. Qb7 Rd8 31. Re1 Qc5 32. Kg2 h5 33. Re3 a4 34. Qa7 a3 35. Ne2 Rd2 36. Ng1 Qxe3 0-1


[Site "https://www.chess.com"]

[Event "Late Titled Tuesday Blitz February 8 2022"]
[White "Terletsky, Oleg"]
[Black "Borisova, Ekaterina"]
[WhiteFideId "14116774"]
[BlackFideId "34124184"]
[WhiteElo "2050"]
[BlackElo "2034"]
[Result "0-1"]
[Round "04"]
[TimeControl "180+1"]
[Date "2022.02.09"]
[WhiteClock "0:00:12"]
[BlackClock "0:00:26"]

1. e4 c6 2. d4 d5 3. Nc3 dxe4 4. Nxe4 Bf5 5. Ng3 Bg6 6. Nf3 Nd7 7. h4 h6 8. h5 Bh7 9. Bd3 Bxd3 10. Qxd3 e6 11. Bf4 Qa5+ 12. Kf1 Ngf6 13. c4 Be7 14. Rh3 Rd8 15. Qc2 O-O 16. Kg1 b5 17. c5 Nd5 18. Bd2 Qc7 19. Re1 N7f6 20. Ne5 a5 21. a3 Nh7 22. Ne4 Ndf6 23. Qc3 Nxe4 24. Rxe4 Ng5 25. Bxg5 Bxg5 26. Rg3 Rd5 27. Reg4 Rfd8 28. Qf3 Rxd4 29. Nxc6 Rd1+ 30. Kh2 R8d5 0-1


[Site "https://www.chess.com"]

[Event "Late Titled Tuesday Blitz February 8 2022"]
[White "Tsyhanchuk, Stanislav"]
[Black "Polanco Nunez, Yoel Estarling"]
[WhiteFideId "13505130"]
[BlackFideId "6401783"]
[WhiteElo "2078"]
[BlackElo "2132"]
[Result "1-0"]
[Round "04"]
[TimeControl "180+1"]
[Date "2022.02.09"]
[WhiteClock "0:00:54"]
[BlackClock "0:00:21"]

1. d4 d5 2. c4 c6 3. Nc3 Nf6 4. e3 e6 5. Nf3 Nbd7 6. Bd3 dxc4 7. Bxc4 b5 8. Bd3 Bd6 9. e4 e5 10. O-O a6 11. Bg5 Bb7 12. Kh1 c5 13. dxe5 Nxe5 14. Nxe5 Bxe5 15. f4 Bd4 16. e5 h6 17. exf6 hxg5 18. fxg7 Bxg7 19. Qe2+ Kd7 20. fxg5 Bd4 21. Rxf7+ Kc8 22. Bf5+ Kb8 23. Be4 Bxe4 24. Qxe4 Ra7 25. Raf1 Rxh2+ 26. Kxh2 Qh8+ 27. Kg3 Be5+ 28. Kg4 Qc8+ 29. Qf5 1-0


[Site "https://www.chess.com"]

[Event "Late Titled Tuesday Blitz February 8 2022"]
[White "Velikanov, Alexander"]
[Black "Kopczynski, Michal"]
[WhiteFideId "2039290"]
[BlackFideId "1124200"]
[WhiteElo "2259"]
[BlackElo "2235"]
[Result "0-1"]
[Round "04"]
[TimeControl "180+1"]
[Date "2022.02.09"]
[WhiteClock "0:00:05"]
[BlackClock "0:00:09"]

1. d4 Nf6 2. Nf3 g6 3. g3 Bg7 4. Bg2 d6 5. O-O O-O 6. a4 Nc6 7. Nc3 e5 8. a5 e4 9. Ng5 d5 10. f3 h6 11. fxe4 hxg5 12. exd5 Nxd5 13. Nxd5 Nxd4 14. a6 c6 15. axb7 Bxb7 16. c3 Nxe2+ 17. Qxe2 cxd5 18. Be3 Re8 19. Qd2 d4 20. Bxg5 Qb6 21. Kh1 dxc3 22. bxc3 Bxg2+ 23. Qxg2 Bxc3 24. Rab1 Qe6 25. Rb7 f6 26. Bh6 Qe4 27. Rf3 Rab8 28. Qa2+ Kh8 29. Rxb8 Rxb8 30. Kg2 Rb2+ 31. Qxb2 Bxb2 32. Be3 Bc3 33. h3 a5 34. Bc5 a4 35. g4 a3 36. Bxa3 Be5 37. Bc5 Qe2+ 38. Bf2 Kg7 39. h4 Kf7 40. h5 gxh5 41. gxh5 Kg7 42. Rh3 Kh6 43. Rf3 Qe4 44. Bg3 Kxh5 45. Bf2 Kg4 46. Kg1 Qxf3 47. Bg3 Qxg3+ 48. Kf1 Qh2 49. Ke1 Kf3 50. Kd1 Qb2 51. Ke1 Qe2# 0-1


[Site "https://www.chess.com"]

[Event "Late Titled Tuesday Blitz February 8 2022"]
[White "Villegas, Pierre"]
[Black "Kraus, Tomas"]
[WhiteFideId "654183"]
[BlackFideId "331708"]
[WhiteElo "2410"]
[BlackElo "2389"]
[Result "0-1"]
[Round "04"]
[TimeControl "180+1"]
[Date "2022.02.09"]
[WhiteClock "0:00:35"]
[BlackClock "0:00:32"]

1. c4 e5 2. Nc3 Nf6 3. Nf3 Nc6 4. e4 Bb4 5. d3 d6 6. g3 O-O 7. Bg2 a6 8. O-O Bg4 9. Nd5 Nxd5 10. cxd5 Nd4 11. Be3 Bc5 12. Bxd4 Bxd4 13. Qc2 Bxf3 14. Bxf3 f5 15. Rac1 Bb6 16. exf5 Rxf5 17. Bg4 Rf6 18. Kg2 Qe7 19. Rce1 Raf8 20. f4 Kh8 21. Qe2 Qe8 22. fxe5 Rf2+ 23. Rxf2 Rxf2+ 24. Qxf2 Bxf2 25. Kxf2 dxe5 26. Bf3 Qb5 27. Rxe5 Qxb2+ 28. Re2 Qd4+ 29. Kg2 Kg8 30. Re7 Qb2+ 31. Kh3 Qf6 32. Re8+ Kf7 33. Bh5+ g6 34. Re6 gxh5 35. Rxf6+ Kxf6 36. g4 b5 37. Kh4 hxg4 38. Kxg4 Ke5 39. h4 b4 40. Kg5 a5 41. Kh6 a4 42. Kxh7 b3 0-1


[Site "https://www.chess.com"]

[Event "Late Titled Tuesday Blitz February 8 2022"]
[White "Vovk, Orest"]
[Black "Yuan, Qingyu"]
[WhiteFideId "14113490"]
[BlackFideId "8609772"]
[WhiteElo "2203"]
[BlackElo "2359"]
[Result "0-1"]
[Round "04"]
[TimeControl "180+1"]
[Date "2022.02.09"]
[WhiteClock "0:01:33"]
[BlackClock "0:01:55"]

1. h4 d5 2. h5 e5 3. h6 Nxh6 4. d4 Ng4 5. f3 Nh6 6. Bxh6 gxh6 7. dxe5 Qg5 8. g4 Qxe5 9. Rh5 Qg3+ 10. Kd2 Qxg1 11. Rxd5 Be6 12. Rd3 Nd7 13. Nc3 Ne5 14. Kc1 Nxd3+ 15. cxd3 Qe3+ 16. Kb1 O-O-O 17. Qa4 Kb8 18. Kc2 Bg7 19. Rc1 Rd6 20. Kb1 Rc6 0-1


[Site "https://www.chess.com"]

[Event "Late Titled Tuesday Blitz February 8 2022"]
[White "Wachinger, Guenther"]
[Black "Riehle, Marco"]
[WhiteFideId "4604261"]
[BlackFideId "12904392"]
[WhiteElo "2212"]
[BlackElo "2462"]
[Result "0-1"]
[Round "04"]
[TimeControl "180+1"]
[Date "2022.02.09"]
[WhiteClock "0:00:54"]
[BlackClock "0:02:07"]

1. e4 e5 2. Nf3 Nf6 3. Nc3 Nc6 4. a3 Bc5 5. Nxe5 O-O 6. Nxc6 dxc6 7. Be2 Qd4 8. O-O Nxe4 9. Nxe4 Qxe4 10. Bf3 Qg6 11. d4 Bd6 12. c4 Bf5 13. Re1 Rfe8 14. Rxe8+ Rxe8 15. Be3 Be4 16. Bxe4 Qxe4 17. Qb1 Qe6 18. Qd3 f5 19. g3 Qe4 20. Qxe4 Rxe4 21. c5 Be7 22. Rd1 Bf6 23. Kg2 Kf7 24. Kf3 Re8 25. Bf4 Re7 26. d5 cxd5 27. Rxd5 g6 28. h4 Bxb2 29. a4 c6 30. Rd8 Bf6 31. Bd6 Re3+ 32. fxe3 Bxd8 33. e4 fxe4+ 34. Kxe4 Ke6 35. Bf8 Be7 36. Bxe7 Kxe7 37. Ke5 b6 38. cxb6 axb6 39. g4 c5 40. Kd5 Kd7 41. h5 g5 42. h6 Ke7 43. a5 bxa5 44. Kxc5 Ke6 45. Kb5 Ke5 46. Kxa5 Kf4 47. Kb5 Kxg4 48. Kc5 Kh5 49. Kd5 Kxh6 0-1


[Site "https://www.chess.com"]

[Event "Late Titled Tuesday Blitz February 8 2022"]
[White "Weetik, Vjacheslav"]
[Black "Kanyamarala, Tarun"]
[WhiteFideId "4153472"]
[BlackFideId "45004714"]
[WhiteElo "2469"]
[BlackElo "2144"]
[Result "1-0"]
[Round "04"]
[TimeControl "180+1"]
[Date "2022.02.09"]
[WhiteClock "0:00:05"]
[BlackClock "0:00:01"]

1. d4 f5 2. g3 Nf6 3. Bg2 g6 4. c3 Bg7 5. Qb3 d5 6. Nh3 Nc6 7. Nf4 e6 8. Nd2 g5 9. Nd3 O-O 10. Nf3 h6 11. h4 g4 12. Nfe5 Ne7 13. Bf4 b6 14. f3 Ba6 15. Qa3 Bb7 16. Bd2 Nh5 17. Nf4 Nxg3 18. Rg1 Bf6 19. O-O-O h5 20. fxg4 hxg4 21. Kb1 Kh7 22. Nxe6 Qc8 23. Nxf8+ Qxf8 24. Bg5 Bxg5 25. hxg5 Ng6 26. Qb3 Nf4 27. Bf3 Nfxe2 28. Bxe2 Nxe2 29. Rh1+ Kg7 30. Rh6 Ng3 31. Qc2 Qh8 32. Rxh8 Rxh8 33. Rg1 Ne4 34. a3 Bc8 35. Qa4 Rh7 36. Qe8 Nd6 37. Qg6+ Kh8 38. Qf6+ Kg8 39. g6 Rg7 40. Nc6 1-0


[Site "https://www.chess.com"]

[Event "Late Titled Tuesday Blitz February 8 2022"]
[White "Wieczorek, Oskar"]
[Black "Khater, Sherif"]
[WhiteFideId "1133950"]
[BlackFideId "2034280"]
[WhiteElo "2319"]
[BlackElo "2527"]
[Result "0-1"]
[Round "04"]
[TimeControl "180+1"]
[Date "2022.02.09"]
[WhiteClock "0:00:05"]
[BlackClock "0:01:28"]

1. e4 e5 2. Nf3 Nf6 3. Nc3 Nc6 4. a3 a6 5. d4 exd4 6. Nxd4 Bc5 7. Be3 Bb6 8. Nxc6 dxc6 9. Qxd8+ Kxd8 10. O-O-O+ Ke8 11. Bxb6 cxb6 12. f3 b5 13. e5 Nd7 14. f4 Nc5 15. b4 Ne6 16. g3 a5 17. Ne4 axb4 18. axb4 Ra1+ 19. Kd2 Rxd1+ 20. Kxd1 Ke7 21. Nd6 Rd8 22. Kc1 Nc7 23. Bg2 f6 24. Re1 fxe5 25. Nxc8+ Rxc8 26. Rxe5+ Kd6 27. Be4 h6 28. Bg6 Nd5 29. Bf5 Rf8 30. Re6+ Kc7 31. Bh3 Rf6 32. Re8 Kd6 33. Rd8+ Kc7 34. Rd7+ Kb6 35. Rxg7 Nxb4 36. Bc8 Kc5 37. Bxb7 Kc4 38. Kb2 Re6 39. f5 Re2 40. Rg4+ Kc5 41. f6 Rf2 42. Rf4 Nd3+ 43. Kc3 Nxf4 0-1


[Site "https://www.chess.com"]